 Dungeon Crawl Stone Soup version 0.31-a0-880-g9a209b2425 (webtiles) character file.

Game seed: 13330715275840898858

1875 BinkBink the Cleaver (level 8, -5/64 HPs)
             Began as a Minotaur Fighter on Oct 15, 2023.
             Was a Believer of Qazlal.
             Killed by divine providence
             ... invoked by an orc priest
              (17 damage)
             ... on level 6 of the Dungeon.
             The game lasted 00:05:45 (5377 turns).

BinkBink the Cleaver (Minotaur Fighter)             Turns: 5377, Time: 00:05:45

Health: -5/64      AC: 16    Str: 22    XL:     8   Next: 91%
Magic:  7/7        EV: 23    Int:  5    God:    Qazlal [**....]
Gold:   267        SH:  8    Dex: 11    Spells: 7/7 levels left

rFire   . . .        a - +0 war axe
rCold   . . .        c - +0 buckler
rNeg    . . .        x - +0 plate armour
rPois   .            (helmet restricted)
rElec   .            (no cloak)
rCorr   .            n - +2 pair of gloves
SInv    .            (no boots)
Will    .....        o - amulet of the acrobat Stlth
                     (no ring)
HPRegen 0.30/turn    (no ring)
MPRegen 0.10/turn

%: acrobat
@: acrobatic, studying Unarmed Combat
A: horns 2, retaliatory headbutt
a: Renounce Religion, Upheaval


You were on level 6 of the Dungeon.
You worshipped Qazlal.
Qazlal was pleased with you.
You visited 2 branches of the dungeon, and saw 7 of its levels.

You collected 267 gold pieces.

Inventory:

Hand Weapons
 a - a +0 war axe (weapon)
Armour
 b - a +0 scale mail
 c - a +0 buckler (worn)
 n - a +2 pair of gloves (worn)
 x - a +0 plate armour (worn)
Jewellery
 g - a ring of ice
 o - an amulet of the acrobat (around neck)
 B - a ring of resist corrosion
Wands
 w - a wand of iceblast (9)
 y - a wand of flame (19)
Scrolls
 e - 2 scrolls of enchant armour {unknown}
 f - 4 scrolls of fog {unknown}
 h - 2 scrolls of teleportation {unknown}
 i - a scroll of blinking {unknown}
 j - 6 scrolls of identify {unknown}
 k - 2 scrolls of vulnerability {unknown}
 l - a scroll of summoning {unknown}
 m - 2 scrolls of revelation {unknown}
 q - a scroll of enchant weapon {unknown}
 r - a scroll of poison {unknown}
 t - 2 scrolls of immolation {unknown}
Potions
 d - 4 potions of might
 p - a potion of attraction {unknown}
 s - 3 potions of brilliance
 u - 2 potions of haste
 v - a potion of enlightenment {unknown}
 z - a potion of mutation {unknown}
 A - a potion of magic {unknown}


   Skills:
 - Level 3.6 Fighting
 * Level 9.1 Axes
 + Level 7.2 Armour
 + Level 5.4 Dodging
 + Level 7.1 Shields


You had 7 spell levels left.
You didn't know any spells.
Your spell library contained the following spells:

 Spells                   Type           Power      Damage    Failure   Level
 Blink                    Tloc           0%         N/A       100%        2
 Cigotuvi's Dreadful Rot  Necr/Pois/Air  0%         N/A       100%        2
 Tukima's Dance           Hex            0%         N/A       100%        3
 Animate Dead             Necr           0%         N/A       100%        4
 Dispel Undead            Necr           0%         3d6       100%        4
 Manifold Assault         Tloc           0%         N/A       100%        4
 Passage of Golubria      Tloc           0%         N/A       100%        4
 Yara's Violent Unravell  Hex/Tmut       0%         3d3       100%        5
 Death Channel            Necr           0%         N/A       100%        6
 Haunt                    Necr/Summ      0%         N/A       100%        7
 Infestation              Necr           0%         N/A       100%        8


Dungeon Overview and Level Annotations

Branches:
Dungeon (6/15)             Temple (1/1) D:6

Altars:
Ashenzari
Cheibriados
Dithmenos
Elyvilon
Fedhas
Gozag
Hepliaklqana
Kikubaaqudgha
Makhleb
Nemelex Xobeh
Okawaru
Qazlal
Ru
Sif Muna
Trog
Uskayaw
Vehumet
Xom
Yredelemnul
Zin
The Shining One

Annotations:
D:3 1 runed translucent door, Crazy Yiuf


Innate Abilities, Weirdness & Mutations

You have a pair of horns on your head.
You reflexively headbutt those who attack you in melee.


Message History

The black bear claws you but does no damage. x2
You barely miss the black bear. Your headbutt misses the black bear.
The black bear is moderately wounded.
The black bear bites you.
The black bear claws you but does no damage.
You block the black bear's attack.
The orc priest calls down the wrath of Beogh upon you.
Beogh smites you!
You hit the black bear but do no damage.
The black bear is lightly wounded.
The black bear barely misses you. You furiously retaliate!
You headbutt the black bear.
The black bear claws you but does no damage.
You block the black bear's attack.
The orc priest hits you from afar with a +0 trident!
You slash the black bear!
The black bear is almost dead.
The black bear barely misses you.
The black bear claws you but does no damage.
You block the black bear's attack. The orc priest closely misses you.
You closely miss the black bear.
The black bear is almost dead.
The black bear goes berserk!
The orc priest calls down the wrath of Beogh upon you.
Beogh smites you!
You are too injured to fight recklessly!
You are too injured to fight recklessly!
Unknown command.
You are too injured to fight recklessly!
You are too injured to fight recklessly!
You are too injured to fight recklessly!
You hit the black bear.
You kill the black bear!
Qazlal accepts your kill.
The orc priest calls down the wrath of Beogh upon you.
Pain shoots through your body!
* * * LOW HITPOINT WARNING * * *
The orc priest invokes the aid of Beogh against you.
Beogh smites you!
You die...

............##.# #
#.#####.###<##.# .# ##...##.##.#
.# #..........# .#
##........###.####
#.8.8.8.........#
#..⌠.⌠...##........# #.
#.8.>.8..##.#.#.#..# #.#
#..⌠@⌠○..##.# ...#.# #.#
##.8.8.8.###.# ..#.# #.##
##.....[°.# #.## #.#.# #..##
##......o.## #..###.#.#
##...####.........####........##
#.......'.........'.....D.......
##...####.........####...##.###.
#..## ##.......## ##.##..# #.
#.## ##...>.## #.##.## #)


You could see an orc priest.

Vanquished Creatures
  A steam dragon (D:6)
  Menkaure (D:4)
  A black bear (D:6)
  3 ogres
  A centaur (D:5)
  A phantom (D:4)
  A kobold brigand (D:5)
  A gnoll sergeant (D:5)
  Blork the orc (D:4)
  3 scorpions
  2 bullfrogs (D:6)
  4 hounds
  An orc priest (D:3)
  Ijyb (D:4)
  4 iguanas
  4 orc wizards
  11 gnolls (D:5)
  7 adders
  3 ufetubi
  5 worms
  2 dart slugs
  11 orcs
  5 ball pythons
  5 bats
  5 endoplasms
  2 giant cockroaches
  2 goblins
  5 hobgoblins
  7 frilled lizards
  11 kobolds
  8 rats
119 creatures vanquished.

Notes
Turn   | Place    | Note
-------+----------+-------------------------------------------
     0 | D:1      | BinkBink the Minotaur Fighter began the quest for the Orb.
     0 | D:1      | Reached XP level 1. HP: 19/19 MP: 0/0
   157 | D:1      | You fall into a shaft and drop 1 floor!
   175 | D:2      | Reached XP level 2. HP: 26/26 MP: 1/1
   178 | D:2      | Reached skill level 3 in Axes
   206 | D:2      | Reached skill level 1 in Dodging
   240 | D:2      | Reached XP level 3. HP: 31/31 MP: 2/2
  1060 | D:2      | Found a faded altar of an unknown god.
  1400 | D:3      | Found a hazy altar of Hepliaklqana.
  1403 | D:3      | Found a hide-covered altar of Uskayaw.
  1411 | D:3      | Reached XP level 4. HP: 39/39 MP: 3/3
  1415 | D:3      | Reached skill level 4 in Axes
  1469 | D:3      | Found a stormy altar of Qazlal.
  1479 | D:3      | Found a shimmering altar of Xom.
  1488 | D:3      | Became a worshipper of Qazlal Stormbringer
  1688 | D:3      | Found a runed translucent door.
  1689 | D:3      | Noticed Crazy Yiuf
  1857 | D:3      | Reached XP level 5. HP: 34/45 MP: 4/4
  2703 | D:4      | Reached * piety under Qazlal
  2704 | D:4      | Reached skill level 5 in Axes
  2738 | D:4      | Noticed a phantom
  2745 | D:4      | Killed a phantom
  2746 | D:4      | Reached XP level 6. HP: 47/51 MP: 5/5
  2801 | D:4      | Reached skill level 5 in Armour
  2983 | D:4      | Noticed Menkaure
  2991 | D:4      | Killed Menkaure
  2992 | D:4      | Reached skill level 5 in Shields
  3258 | D:4      | Noticed Blork the orc
  3265 | D:4      | Killed Blork the orc
  3266 | D:4      | Reached skill level 6 in Axes
  3266 | D:4      | Reached XP level 7. HP: 38/57 MP: 6/6
  3462 | D:4      | Noticed Ijyb
  3478 | D:4      | Killed Ijyb
  3817 | D:5      | Entered Level 5 of the Dungeon
  3916 | D:5      | Reached skill level 7 in Axes
  3993 | D:5      | Found a sacrificial altar of Ru.
  4386 | D:5      | Reached XP level 8. HP: 64/64 MP: 7/7
  4556 | D:5      | Reached skill level 8 in Axes
  4556 | D:5      | Reached ** piety under Qazlal
  4941 | D:6      | Found a staircase to the Ecumenical Temple.
  5135 | D:6      | Reached skill level 5 in Dodging
  5217 | Temple   | Entered the Ecumenical Temple
  5370 | D:6      | Reached skill level 9 in Axes
  5377 | D:6      | Killed from afar by an orc priest

Illustrated notes

Levels and vault maps discovered:
D:1:      heliophobic_arrival_henge, layout_loops_ring, minivault_5
D:2:      layout_basic, dreamdust_ecumenical_altar_sealed_demon,
          lexackson_kobold_supper
D:3:      layout_loops_ring, grunt_temple_overflow_cloverleaf,
          uniq_crazy_yiuf_cottage
D:4:      layout_gridville, uniq_menkaure, uniq_ijyb, uniq_blork_the_orc
D:5:      layout_basic, mainiacjoe_overflow_small_starburst, serial_aquarium,
          aquarium_bridge_long_joined [aquarium_subvault_balcony,
          aquarium_subvault_bridge, aquarium_subvault_bridge,
          aquarium_subvault_window, aquarium_subvault_wall,
          aquarium_subvault_balcony], aquarium_window_fake, aquarium_window_2,
          aquarium_window_1, aquarium_window_3, aquarium_view_2c,
          aquarium_view_2d, aquarium_balcony_1a, aquarium_pool_split,
          st_stairs_5, minmay_manual_mess
D:6:      layout_loops_corners, minmay_temple_entry_statues_fountains,
          minmay_pentangle
Temple:   nicolae_temple_bog_church

Skill      XL: |  1  2  3  4  5  6  7  8 |
---------------+-------------------------+-----
Axes           | 3 4 5 6 7 9 |  9.1
Dodging        | 1 2 3 4 5 |  5.4
Shields        | 4 5 6 7 |  7.1
Armour         | 4 5 6 7 |  7.2
Fighting       | |  3.6

Action                     |  1- 3 |  4- 6 |  7- 9 || total
---------------------------+-------+-------+-------++-------
  Melee: War axe           |    84 |    95 |   154 ||   333
         Headbutt          |     8 |    11 |    30 ||    49
    Use: Potion            |     2 |       |     2 ||     4
 Armour: Scale mail        |    64 |    72 |     9 ||   145
         Plate armour      |       |       |   114 ||   114
  Dodge: Dodged            |    33 |    32 |    60 ||   125
  Block: Buckler           |    21 |    19 |    59 ||    99

Table legend: (Time is in decaauts)
 A = Elapsed time spent in this place.
 B = Non-inter-level travel time spent in this place.
 C = Inter-level travel time spent in this place.
 D = Time resting spent in this place.
 E = Time spent auto-exploring this place.
 F = Levels seen in this place.
 G = Mean time per level.
                   A        B        C        D        E       F      G
               +--------+--------+--------+--------+--------+-----+--------+
         Total |   5438 |   5192 |    246 |    359 |   3979 |   7 |  776.9 |
       Dungeon |   5291 |   5045 |    246 |    359 |   3834 |   6 |  881.8 |
        Temple |    146 |    146 |      0 |      0 |    145 |   1 |  146.0 |
               +--------+--------+--------+--------+--------+-----+--------+

Top non-repeatable levels by time:
     D:4: 1555 daAuts
     D:3: 1079 daAuts
     D:5: 971 daAuts
     D:1: 713 daAuts
     D:2: 698 daAuts
     D:6: 273 daAuts
  Temple: 146 daAuts
